 Dungeon Crawl Stone Soup version 0.23.2-1-ga50397a (webtiles) character file.

Game seed: 357378854765591591

44148 Iscandelvey the Thaumaturge (level 13, -18/81 HPs)
             Began as a Demonspawn Arcane Marksman on Apr 18, 2019.
             Was the Champion of Kikubaaqudgha.
             Demolished by a spriggan rider
             ... wielding a +0 spear
              (32 damage)
             ... on level 6 of the Lair of Beasts.
             The game lasted 03:42:00 (28637 turns).

Iscandelvey the Thaumaturge (DsAM)                 Turns: 28637, Time: 03:42:00

Health: -18/81     AC: 22    Str: 21    XL:     13   Next: 94%
Magic:  0/28       EV: 15    Int: 17    God:    Kikubaaqudgha [******]
Gold:   1162       SH:  6    Dex: 19    Spells: 19/35 levels left

rFire    . . .     SeeInvis +   D - +3 war axe of Light {venom, Str+6 Int-2}
rCold    x . .     Gourm    .   M - +0 buckler
rNeg     . . .     Faith    .   W - +4 ring mail of the Poles {rC- Str+4 Dex+2 SInv}
rPois    .         Spirit   +   Q - +0 mask of the Dragon {MR+ Slay+3 SInv}
rElec    .         Reflect  .   (no cloak)
rCorr    .         Harm     .   z - +2 pair of gloves
MR       +....                  (no boots)
Stlth    +.........             X - amulet of guardian spirit
HPRegen  0.23/turn              S - ring of see invisible (curse)
MPRegen  0.21/turn              B - +3 ring of dexterity

@: about to teleport, sanguine armour
A: claws 2, powered by death 1, spiny 3, sanguine armour 2
a: Receive Corpses, Torment, Brand Weapon With Pain, Receive Necronomicon,
Renounce Religion


You were on level 6 of the Lair of Beasts.
You worshipped Kikubaaqudgha.
Kikubaaqudgha was exalted by your worship.
You were not hungry.

You visited 3 branches of the dungeon, and saw 19 of its levels.
You also visited: Sewer and Ossuary.

You collected 1162 gold pieces.

Inventory:

Hand Weapons
 a - a +1 hand crossbow
 e - a +0 blowgun
 C - the +4 hand crossbow "Anneluga" {velocity, rN++ Int-2 Stlth+}
   (You found it on level 4 of the Lair of Beasts)

   Any bolt fired from it inflicts extra damage.
   It affects your intelligence (-2).
   It greatly protects you from negative energy.
   It makes you more stealthy.
 D - the +3 war axe of Light (weapon) {venom, Str+6 Int-2}
   (You found it on level 5 of the Lair of Beasts)

   It poisons the flesh of those it strikes.
   It affects your strength (+6).
   It affects your intelligence (-2).
 F - a +2 war axe of flaming
 R - a +5 mace of freezing
 Z - the +4 fustibalus of Agony {velocity, rElec rC+ Str+2 Dex+2}
   (You found it on level 12 of the Dungeon)

   Any stone fired from it inflicts extra damage.
   It affects your strength (+2).
   It affects your dexterity (+2).
   It protects you from cold.
   It insulates you from electricity.
Missiles
 d - 147 bolts
 l - 3 throwing nets (quivered)
 o - 145 sling bullets
 u - 8 curare-tipped needles
Armour
 z - a +2 pair of gloves (worn)
 M - a +0 buckler (worn)
 Q - the +0 mask of the Dragon (worn) {MR+ Slay+3 SInv}
   (You found it on level 7 of the Dungeon)

   It affects your accuracy and damage with ranged weapons and melee attacks
   (+3).
   It affects your resistance to hostile enchantments.
   It lets you see invisible.
 W - the +4 ring mail of the Poles (worn) {rC- Str+4 Dex+2 SInv}
   (You found it on level 9 of the Dungeon)

   It affects your strength (+4).
   It affects your dexterity (+2).
   It makes you vulnerable to cold.
   It lets you see invisible.
Magical Staves
 p - an uncursed staff of power
Jewellery
 b - an uncursed ring of flight
 q - an uncursed amulet of regeneration
 r - an uncursed ring of resist corrosion
 B - a +3 ring of dexterity (right hand)
 G - an uncursed amulet of magic regeneration
 J - an uncursed ring of protection from fire
 P - an uncursed ring of protection from magic
 S - a cursed ring of see invisible (left hand)
 X - an amulet of guardian spirit (around neck)
Wands
 i - a wand of paralysis (19)
 n - a wand of scattershot (7)
 s - a wand of enslavement (7)
 w - a wand of acid (6)
 L - a wand of flame (24)
 U - a wand of iceblast (19)
Scrolls
 c - a scroll of amnesia
 h - 4 scrolls of identify
 j - 3 scrolls of fog
 m - 8 scrolls of remove curse
 v - 15 scrolls of teleportation
 x - a scroll of immolation {unknown}
 y - 5 scrolls of magic mapping
 A - 3 scrolls of enchant weapon
 I - 7 scrolls of fear
Potions
 g - a potion of cancellation {unknown}
 t - 5 potions of haste
 E - 9 potions of curing
 K - a potion of brilliance
Miscellaneous
 Y - a phial of floods
Comestibles
 f - 40 rations


   Skills:
 - Level 1.0 Fighting
 - Level 11.0 Crossbows
 - Level 5.0 Armour
 - Level 6.0 Dodging
 - Level 4.0 Shields
 * Level 11.5 Spellcasting
 * Level 9.4 Conjurations
 - Level 6.2 Hexes
 - Level 11.0 Necromancy


You had 19 spell levels left.
You knew the following spells:

 Your Spells              Type           Power        Failure   Level  Hunger
a - Corona                Hex            ####...      1%          1    None
b - Slow                  Hex            ####....     1%          2    None
c - Vampiric Draining     Necr           #####.....   1%          3    None
d - Fulminant Prism       Conj/Hex       #####.....   4%          4    ##.....
e - Animate Dead          Necr           N/A          1%          4    ##.....
f - Sublimation of Blood  Necr           #####.....   1%          2    None

Your spell library contained the following spells:

 Spells                   Type           Power        Failure   Level  Hunger
 Magic Dart               Conj           ####         1%          1    None
 Pain                     Necr           ####         1%          1    None
 Corpse Rot               Necr           N/A          1%          2    None
 Searing Ray              Conj           #####.       1%          2    None
 Dazzling Spray           Conj/Hex       #####.       1%          3    None
 Confuse                  Hex            ####....     2%          3    None
 Tukima's Dance           Hex            ####....     2%          3    None
 Iskenderun's Mystic Bla  Conj           #####...     2%          4    ##.....
 Dispel Undead            Necr           #####...     3%          5    #####..
 Ensorcelled Hibernation  Hex/Ice        ###...       4%          2    None
 Stone Arrow              Conj/Erth      ####..       4%          3    None
 Cause Fear               Hex            ####......   9%          4    ##.....
 Inner Flame              Hex/Fire       ###.....     10%         3    None
 Portal Projectile        Hex/Tloc       ###...       10%         3    None
 Sandblast                Erth           #.....       12%         1    None
 Force Lance              Conj/Tloc      ####....     16%         4    ##.....
 Passwall                 Tmut/Erth      #.......     17%         2    None
 Death Channel            Necr           #####.....   19%         6    ######.
 Leda's Liquefaction      Hex/Erth       ###.......   30%         4    ##.....
 Excruciating Wounds      Chrm/Necr      ####......   32%         5    #####..
 Petrify                  Tmut/Erth      #.......     75%         4    ##.....
 Simulacrum               Ice/Necr       ####......   88%         6    ######.
 Lee's Rapid Deconstruct  Erth           #.........   97%         5    #####..


Dungeon Overview and Level Annotations

Branches:
Dungeon (12/15)            Temple (0/1) D:7            Lair (6/6) D:11
 Shoals (0/4) Lair:3        Snake (0/4) Lair:3        Slime (0/5) Lair:5
    Orc (1/2) D:9

Altars:
Ashenzari
Cheibriados
Elyvilon
Kikubaaqudgha
Makhleb
Okawaru
Qazlal
Sif Muna
Trog
Xom
Jiyva

Annotations:
D:4 exclusion: downstairs
D:6 exclusion: downstairs
D:10 exclusion: orange crystal statue
D:12 Frances
Lair:6 2 runed translucent doors, crawlian's ghost, journeyman FoFi


Innate Abilities, Weirdness & Mutations

You have very sharp fingernails.
You regenerate a little health from kills.
You are completely covered in sharp spines.
When seriously injured, your bleeding wounds create thick armour. (AC +9)


Message History

The spriggan hits you with a +0 dagger.
The spriggan rider hits you but does no damage.
There isn't anything here!
Casting: Vampiric Draining (safe; 1% risk of failure)
Confirm with . or Enter, or press ? or * to list all spells.
Aiming: Vampiric Draining (safe; 1% risk of failure)
Press: ? - help, Shift-Dir - straight line, f/p - spriggan rider
Aim: a spriggan rider, wielding a +0 spear (lightly wounded, unusually strong)
The spriggan rider is moderately wounded.
You feel life coursing into your body. The spriggan hits you with a +0 dagger!
The spriggan rider is struck by your spines.
The spriggan rider closely misses you. You block the spriggan rider's attack.
You block the spriggan's attack.
The spriggan rider hits you from afar with a +0 spear!!
* * * LOW HITPOINT WARNING * * *
As you read the scroll of teleportation, it crumbles to dust.
You feel strangely unstable.
The spriggan rider hits you from afar with a +0 spear!!
You die...
Kikubaaqudgha rasps: "You have failed me!
Welcome... death!"

##..####.. #...P##...
#####...##... #.#.###
..P#.##....... #..)..##
......#PP#.... $≈≈..#.#
...........#...
≈.#≈⌠.≈###########...........###.
≈≈≈.$W##..##..#..................
##++####...#P..i@............#...
...............Y.............#..#
.........)..Y..i..............###
.................................
..............###...............#
...............#................#
.....^...........................
................#................
#...............##....(..........


You could see a death yak, a spriggan rider, a yak and a spriggan.

Vanquished Creatures
  3 hydras
  A two-headed ogre (D:12)
  Erica (Lair:1)
  Sonja (Lair:2)
  Urug (Lair:2)
  An ugly thing (D:12)
  3 manticores
  An orc sorcerer (Orc:1)
  Joseph (D:7)
  2 black mambas (Lair:3)
  8 spiny frogs
  A gargoyle (D:10)
  5 komodo dragons
  3 trolls (D:11)
  Prince Ribbit (D:8)
  4 polar bears
  9 blink frogs
  Grinder (D:4)
  8 hornets
  10 hippogriffs
  19 dream sheep
  12 spriggans
  A shadow (D:12)
  Sigmund (D:6)
  3 wyverns
  A vampire (D:11)
  2 humans (D:11)
  31 yaks
  3 basilisks
  Eustachio (D:5)
  A hungry ghost (D:11)
  Edmund (D:5)
  A warg (D:9)
  Duvessa (D:4)
  A soldier ant (D:12)
  18 water moccasins
  9 black bears
  11 porcupines
  A sky beast (D:8)
  9 orc warriors
  11 ogres
  2 ice beasts (D:9)
  17 wolves
  A necrophage (D:10)
  2 boggarts (Lair:6)
  12 centaurs
  12 crocodiles
  7 bullfrogs
  2 big kobolds
  A wyvern skeleton (D:11)
  9 scorpions
  Dowan (D:4)
  4 killer bees (D:7)
  5 wights (D:7)
  5 howler monkeys
  3 electric eels
  6 crimson imps
  6 centaur zombies
  2 gnoll shamans (D:10)
  8 orc priests
  4 hounds
  A jelly (D:8)
  A bullfrog skeleton (D:8)
  Jessica (D:3)
  Natasha (twice) (D:3)
  5 human zombies (Ossuary)
  An iguana (D:5)
  13 orc wizards
  5 worker ants
  3 mummies (Ossuary)
  A hound skeleton (D:11)
  A worker ant zombie (D:9)
  9 gnolls (D:10)
  22 adders
  2 river rats
  4 scorpion zombies (Ossuary)
  6 shadow imps
  2 oozes
  A worm zombie (D:4)
  5 worms
  2 dart slugs
  8 leopard geckos
  46 orcs
  6 giant cockroaches
  3 gnoll zombies (Ossuary)
  6 goblins
  10 hobgoblins
  7 jackals (D:1)
  13 kobolds
  6 quokkas
  7 ball pythons
  7 bats
  A frilled lizard (D:3)
  A giant cockroach zombie (D:6)
  A goblin zombie (Ossuary)
  4 hobgoblin zombies (Ossuary)
  2 jackal zombies
  2 kobold zombies (Ossuary)
  2 orc zombies (Ossuary)
  8 rats
  A plant (D:10)
540 creatures vanquished.

Vanquished Creatures (collateral kills)
  A basilisk (Lair:1)
1 creature vanquished.

Vanquished Creatures (others)
  2 scorpions (Ossuary)
  A goblin zombie (Ossuary)
  A bush (D:11)
  11 fulminant prisms
  15 fungi
  18 plants
48 creatures vanquished.

Grand Total: 589 creatures vanquished

Notes
Turn   | Place    | Note
-------+----------+-------------------------------------------
     0 | D:1      | Iscandelvey the Demonspawn Arcane Marksman began the quest
                  | for the Orb.
     0 | D:1      | Reached XP level 1. HP: 15/15 MP: 2/2
   105 | D:1      | Gained mutation: You regenerate a little health from kills.
                  | [demonic ancestry]
   105 | D:1      | Reached XP level 2. HP: 7/21 MP: 4/4
   328 | D:1      | Learned a level 2 spell: Slow
  1132 | D:1      | Gained mutation: You are partially covered in sharp spines.
                  | [demonic ancestry]
  1132 | D:1      | Reached XP level 3. HP: 19/26 MP: 0/5
  1377 | D:2      | Found an iron altar of Okawaru.
  1567 | D:2      | Found a deep blue altar of Sif Muna.
  1799 | D:2      | Found a white marble altar of Elyvilon.
  2641 | D:3      | Found a bloodstained altar of Trog.
  2641 | D:3      | Found a stormy altar of Qazlal.
  2741 | D:3      | Found a faded altar of an unknown god.
  2742 | D:3      | Gained mutation: When seriously injured, your bleeding
                  | wounds create armour. (AC +9) [demonic ancestry]
  2742 | D:3      | Reached XP level 4. HP: 32/32 MP: 7/7
  3025 | D:3      | Noticed Jessica
  3052 | D:3      | Killed Jessica
  3052 | D:3      | Reached XP level 5. HP: 37/37 MP: 0/8
  3300 | D:3      | Noticed Natasha
  3309 | D:3      | Killed Natasha
  3365 | D:3      | Noticed Natasha
  3373 | D:3      | Killed Natasha
  3632 | D:3      | Found an ancient bone altar of Kikubaaqudgha.
  3640 | D:3      | Became a worshipper of Kikubaaqudgha
  3787 | D:4      | Found a sand-covered staircase.
  3862 | Ossuary  | Entered an ossuary
  3944 | Ossuary  | Reached XP level 6. HP: 35/43 MP: 8/10
  4411 | Ossuary  | Reached * piety under Kikubaaqudgha
  4411 | Ossuary  | Identified Kikubaaqudgha's Compendium of Sinister Rites
                  | (Kikubaaqudgha gifted it to you in an ossuary)
  4411 | Ossuary  | Received a gift from Kikubaaqudgha
  5021 | Ossuary  | Gained mutation: You have sharp fingernails. [demonic
                  | ancestry]
  5021 | Ossuary  | Reached XP level 7. HP: 48/48 MP: 10/12
  5058 | Ossuary  | Reached skill level 5 in Hexes
  5950 | D:4      | Noticed Dowan
  5967 | D:4      | Killed Dowan
  5968 | D:4      | Noticed Duvessa
  5991 | D:4      | Killed Duvessa
  6111 | D:4      | Noticed Grinder
  6132 | D:4      | Killed Grinder
  6132 | D:4      | Reached XP level 8. HP: 38/54 MP: 11/14
  6897 | D:5      | Entered Level 5 of the Dungeon
  6955 | D:5      | Noticed Edmund
  7305 | D:5      | Noticed Eustachio
  7334 | D:5      | Killed Eustachio
  7939 | D:5      | Reached skill level 5 in Spellcasting
  7991 | D:5      | Reached skill level 5 in Crossbows
  8305 | D:5      | Found a shimmering altar of Xom.
  8600 | D:5      | Killed Edmund
  8600 | D:5      | Reached skill level 1 in Armour
  8858 | D:6      | Found a shattered altar of Ashenzari.
  8913 | D:6      | Found a glowing drain.
  8960 | Sewer    | Entered a sewer
  8969 | Sewer    | Learned a level 3 spell: Vampiric Draining
  8980 | Sewer    | Reached skill level 1 in Necromancy
  8992 | Sewer    | Reached ** piety under Kikubaaqudgha
  9093 | Sewer    | Reached skill level 5 in Dodging
  9681 | D:6      | Found a burning altar of Makhleb.
  9849 | D:6      | Gained mutation: You are mostly covered in sharp spines.
                  | [demonic ancestry]
  9849 | D:6      | Reached XP level 9. HP: 50/59 MP: 17/17
  9859 | D:6      | Noticed Sigmund
 10491 | D:7      | Found the +0 mask of the Dragon {MR+ Slay+3 SInv}
 11756 | D:7      | Noticed Joseph
 12275 | D:7      | Found a snail-covered altar of Cheibriados.
 12666 | D:7      | Reached skill level 5 in Necromancy
 13057 | D:8      | Reached *** piety under Kikubaaqudgha
 13057 | D:8      | Identified Kikubaaqudgha's Volume of Black Arts
                  | (Kikubaaqudgha gifted it to you on level 8 of the Dungeon)
 13057 | D:8      | Received a gift from Kikubaaqudgha
 13158 | D:8      | Noticed Prince Ribbit
 13177 | D:8      | Killed Prince Ribbit
 13185 | D:8      | Reached skill level 5 in Armour
 13185 | D:8      | Reached XP level 10. HP: 63/65 MP: 16/18
 13681 | D:9      | Got a bronze ring mail
 13693 | D:9      | Identified the +4 ring mail of the Poles {rC- Str+4 Dex+2
                  | SInv} (You found it on level 9 of the Dungeon)
 13903 | D:9      | Found a staircase to the Orcish Mines.
 14532 | D:7      | Found a staircase to the Ecumenical Temple.
 14666 | D:7      | Killed Joseph
 15210 | D:6      | Killed Sigmund
 15400 | Orc:1    | Entered Level 1 of the Orcish Mines
 15576 | Orc:1    | Noticed an orc sorcerer
 15584 | Orc:1    | Killed an orc sorcerer
 15624 | Orc:1    | Noticed a two-headed ogre
 15657 | D:10     | Entered Level 10 of the Dungeon
 15711 | D:10     | Noticed a manticore
 15728 | D:10     | Killed a manticore
 15863 | D:10     | Noticed an orange crystal statue
 15938 | D:10     | Reached **** piety under Kikubaaqudgha
 16504 | D:10     | Gained mutation: When seriously injured, your bleeding
                  | wounds create thick armour. (AC +9) [demonic ancestry]
 16504 | D:10     | Reached XP level 11. HP: 70/70 MP: 21/21
 17808 | D:11     | Learned a level 4 spell: Fulminant Prism
 17882 | D:11     | Found an iron altar of Okawaru.
 17930 | D:11     | Reached skill level 1 in Conjurations
 18139 | D:11     | Found a staircase to the Lair.
 18146 | D:11     | Reached ***** piety under Kikubaaqudgha
 19231 | D:12     | Noticed Frances
 19542 | D:12     | Noticed a brown ugly thing
 19562 | D:12     | Killed a brown ugly thing
 19904 | D:12     | Noticed a two-headed ogre
 19911 | D:12     | Killed a two-headed ogre
 19911 | D:12     | Gained mutation: You have very sharp fingernails. [demonic
                  | ancestry]
 19911 | D:12     | Reached XP level 12. HP: 63/76 MP: 18/24
 19929 | D:12     | Got a smoking fustibalus
 19930 | D:12     | Identified the +4 fustibalus of Agony {velocity, rElec rC+
                  | Str+2 Dex+2} (You found it on level 12 of the Dungeon)
 20215 | Lair:1   | Entered Level 1 of the Lair of Beasts
 20267 | Lair:1   | Noticed Erica
 20300 | Lair:1   | Killed Erica
 20475 | Lair:1   | Learned a level 4 spell: Animate Dead
 20937 | Lair:1   | Reached skill level 5 in Conjurations
 21730 | Lair:1   | HP: 3/76 [poisoned by a spiny frog]
 21736 | Lair:1   | HP: 3/76 [poisoned by a spiny frog]
 21744 | Lair:1   | HP: 2/76 [poisoned by a spiny frog]
 22263 | Lair:2   | Noticed Urug
 22286 | Lair:2   | Killed Urug
 22286 | Lair:2   | Reached skill level 10 in Crossbows
 22509 | Lair:2   | Noticed Sonja
 22528 | Lair:2   | Killed Sonja
 22528 | Lair:2   | Reached skill level 10 in Necromancy
 23570 | Lair:3   | Reached skill level 10 in Spellcasting
 23878 | Lair:3   | Found a staircase to the Snake Pit.
 23917 | Lair:3   | You fall through a shaft for 2 floors!
 24117 | Lair:3   | Found a staircase to the Shoals.
 24262 | Lair:3   | Noticed a five-headed hydra
 24272 | Lair:3   | Gained mutation: You are completely covered in sharp
                  | spines. [demonic ancestry]
 24272 | Lair:3   | Reached XP level 13. HP: 71/81 MP: 23/27
 25287 | Lair:4   | Reached skill level 1 in Shields
 25301 | Lair:4   | Learned a level 2 spell: Sublimation of Blood
 26146 | Lair:4   | Got an encrusted hand crossbow
 26147 | Lair:4   | Identified the +4 hand crossbow "Anneluga" {velocity, rN++
                  | Int-2 Stlth+} (You found it on level 4 of the Lair of
                  | Beasts)
 26602 | Lair:5   | Got a faintly glowing war axe
 26603 | Lair:5   | Identified the +3 war axe of Light {venom, Str+6 Int-2}
                  | (You found it on level 5 of the Lair of Beasts)
 26795 | Lair:5   | Found a staircase to the Slime Pits.
 26795 | Lair:5   | Found a viscous altar of Jiyva.
 27648 | Lair:6   | Entered Level 6 of the Lair of Beasts
 28104 | Lair:6   | Found a large runed translucent door.
 28106 | Lair:6   | Found a large runed translucent door.
 28161 | Lair:6   | Noticed crawlian's ghost (journeyman FoFi)
 28186 | Lair:6   | Reached ****** piety under Kikubaaqudgha
 28637 | Lair:6   | Demolished by a spriggan rider

Skill      XL: |  1  2  3  4  5  6  7  8  9 10 11 12 13 |
---------------+----------------------------------------+-----
Crossbows      | 2 3 4 5 6 7 9 10 11 | 11.0
Dodging        | 2 3 4 5 6 |  6.0
Spellcasting   | 2 3 4 5 7 8 10 11 | 11.5
Hexes          | 4 6 |  6.2
Armour         | 2 5 |  5.0
Necromancy     | 2 5 8 9 10 11 | 11.0
Conjurations   | 4 7 9 |  9.4
Shields        | 4 |  4.0
Fighting       | |  1.0

Action                   |  1- 3 |  4- 6 |  7- 9 | 10-12 | 13-15 || total
-------------------------+-------+-------+-------+-------+-------++-------
Melee: Club              |    60 |       |       |       |       ||    60
       Falchion          |       |    72 |    40 |       |       ||   112
       Flail             |       |       |    57 |       |       ||    57
       Rapier            |       |       |    41 |       |       ||    41
       Mace              |       |       |    99 |   547 |    66 ||   712
       War axe           |       |       |       |    21 |   162 ||   183
 Fire: Hand crossbow     |    25 |    71 |   145 |    50 |    28 ||   319
       Hunting sling     |    38 |   101 |   192 |    17 |       ||   348
       Shortbow          |       |       |       |    34 |       ||    34
       Fustibalus        |       |       |       |    21 |    10 ||    31
Throw: Stone             |    15 |       |     1 |       |       ||    16
       Tomahawk          |       |       |       |    12 |       ||    12
 Cast: Slow              |    12 |    47 |   102 |   114 |    33 ||   308
       Corona            |     8 |     5 |    24 |    33 |     4 ||    74
       Vampiric Draining |       |       |     1 |    44 |    17 ||    62
       Animate Dead      |       |       |       |     2 |       ||     2
       Fulminant Prism   |       |       |       |       |    11 ||    11
       Sublimation of Bl |       |       |       |       |     2 ||     2
Invok: Receive Corpses   |       |       |       |     2 |       ||     2
       Torment           |       |       |       |     1 |       ||     1
  Use: Scroll            |       |       |    12 |     9 |     1 ||    22
 Stab: Sleeping          |       |       |     5 |     4 |       ||     9
  Eat: Chunk             |     7 |     6 |    21 |    33 |    15 ||    82
       Ration            |       |     1 |     2 |     1 |       ||     4
Armor: Robe              |    15 |     9 |    27 |       |       ||    51
       Ring mail         |       |       |    16 |   234 |   112 ||   362
Dodge: Dodged            |    69 |    56 |   175 |   490 |   157 ||   947
Block: Buckler           |       |       |       |     2 |    84 ||    86
       Rpst.: Falchion   |       |    13 |     9 |       |       ||    22
